 Dungeon Crawl Stone Soup version 0.27.1 (webtiles) character file.

Game seed: 12077038836336605983

91 r3algoood the Conjurer (level 4, -5/30 HPs)
             Began as a Human Conjurer on Sept 3, 2021.
             Was a Follower of Elyvilon.
             Killed from afar by Blork the orc (11 damage)
             ... with a puff of flame
             ... on level 4 of the Dungeon.
             The game lasted 00:08:03 (3757 turns).

r3algoood the Conjurer (Human Conjurer)             Turns: 3757, Time: 00:08:03

Health: -5/30      AC:  3    Str:  8    XL:     4   Next: 87%
Magic:  0/8        EV: 11    Int: 19    God:    Elyvilon [*.....]
Gold:   113        SH:  3    Dex: 11    Spells: 1/8 levels left

rFire    . . .     SeeInvis .   p - +2 whip (holy)
rCold    . . .     Faith    .   f - +0 buckler
rNeg     . . .     Spirit   .   a - +0 robe
rPois    .         Reflect  .   (no helmet)
rElec    .         Harm     .   k - +0 cloak
rCorr    .         Rampage  .   (no gloves)
Will     +....                  (no boots)
Stlth    ++........             (no amulet)
HPRegen  0.10/turn              h - ring of willpower
MPRegen  0.11/turn              (no ring)

@: no status effects
A: no striking features
a: Renounce Religion, Lesser Healing, Divine Protection


You were on level 4 of the Dungeon.
You worshipped Elyvilon.
Elyvilon was aware of your devotion.
You visited 1 branch of the dungeon, and saw 4 of its levels.

You collected 113 gold pieces.

Inventory:

Hand Weapons
 p - a +2 whip of holy wrath (weapon)
Armour
 a - a +0 robe (worn)
 f - a +0 buckler (worn)
 k - a +0 cloak (worn)
Jewellery
 h - a ring of willpower (left hand)
Scrolls
 b - 2 scrolls of amnesia {unknown}
 d - a scroll of summoning {unknown}
 g - a scroll of vulnerability {unknown}
 i - a scroll of enchant weapon {unknown}
 l - a scroll of enchant armour {unknown}
 m - a scroll of identify {unknown}
Potions
 c - 3 potions of heal wounds {unknown}
 e - 2 potions of mutation {unknown}
 j - a potion of degeneration {unknown}
 n - a potion of haste {unknown}
 o - 2 potions of cancellation {unknown}
 q - a potion of curing {unknown}


   Skills:
 - Level 2.0 Dodging
 - Level 3.0 Stealth
 + Level 2.7 Spellcasting
 - Level 5.0 Conjurations


You had one spell level left.
You knew the following spells:

 Your Spells              Type           Power      Damage    Failure   Level
a - Magic Dart            Conj           84%        1d7       3%          1
b - Searing Ray           Conj           42%        3d4       4%          2
c - Fulminant Prism       Conj/Hex       6%         3d7       67%         4

Your spell library contained the following spells:

 Spells                   Type           Power      Damage    Failure   Level
 Beastly Appendage        Tmut           4%         N/A       26%         1
 Dazzling Flash           Conj/Hex       24%        N/A       28%         3
 Wereblood                Tmut           2%         N/A       36%         2
 Spider Form              Tmut/Pois      1%         N/A       61%         3
 Iskenderun's Mystic Bla  Conj/Tloc      12%        2d5       67%         4


Dungeon Overview and Level Annotations

Branches:
Dungeon (4/15)
 Temple: D:4-7

Altars:
Ashenzari
Elyvilon
Qazlal

Annotations:
D:4 Blork the orc


Message History

Blork the orc points at you and mumbles some strange words.
The puff of frost hits you!
Casting: Magic Dart (safe; 3% risk of failure)
Confirm with . or Enter, or press ? or * to list all spells.
The spell is potentially lethal to cast (67% risk of failure)!
Continue anyway?
Aiming: Fulminant Prism (potentially lethal; 67% risk of failure)
Press: ? - help, Dir - move target, p - Blork the orc You conjure a prism of explosive energy!
A fulminant prism comes into view.
Blork the orc zaps a wand.
The puff of flame hits your fulminant prism.
Your fulminant prism completely resists.
Blork the orc hits your fulminant prism with a +2 mace of protection!
Your fulminant prism detonates feebly.
Blork the orc gestures at you while chanting.
The magic dart hits you.
Casting: Fulminant Prism (potentially lethal; 67% risk of failure)
Confirm with . or Enter, or press ? or * to list all spells.
You don't know that spell.
Casting: Fulminant Prism (potentially lethal; 67% risk of failure)
Confirm with . or Enter, or press ? or * to list all spells.
Aiming: Searing Ray (safe; 4% risk of failure)
Press: ? - help, Shift-Dir - straight line, f - Blork the orc
Aim: Blork the orc, wielding a +2 mace of protection, wearing a +0 robe and carrying a wand of flame (18) (moderately wounded, 81% to hit)
The searing ray hits Blork the orc.
Blork the orc is moderately wounded. (Press . to maintain the ray.) Blork the orc points at you and mumbles some strange words.
The puff of frost hits you!
Without enough magic to sustain it, your searing ray dissipates.
A jelly comes into view.
Unknown command.
Casting: Searing Ray (safe; 4% risk of failure)
Confirm with . or Enter, or press ? or * to list all spells.
Okay, then.
Blork the orc zaps a wand.
The puff of flame hits you.
* * * LOW HITPOINT WARNING * * *
Blork the orc gestures at you while chanting.
The puff of flame hits you!
You die...

### ##.### ##
##..#.##.## #
##.....@...#.###
##....o.....(...#
#......##........
###...J....<......#
#..................
##......##..........
#.......##..........
.......#.#......##..
..............<## .


You could see Blork the orc and a jelly (wandering).

Vanquished Creatures
  2 adders (D:2)
  A howler monkey skeleton (D:3)
  3 orcs (D:3)
  7 ball pythons
  7 bats
  4 endoplasms
  3 giant cockroaches
  10 goblins
  4 hobgoblins
  4 jackals (D:3)
  4 kobolds
  A quokka (D:3)
  2 frilled lizards (D:1)
  3 rats
55 creatures vanquished.

Vanquished Creatures (others)
  A fulminant prism (D:4)
1 creature vanquished.

Grand Total: 56 creatures vanquished

Notes
Turn   | Place    | Note
-------+----------+-------------------------------------------
     0 | D:1      | r3algoood the Human Conjurer began the quest for the Orb.
     0 | D:1      | Reached XP level 1. HP: 13/13 MP: 3/3
   130 | D:1      | Reached XP level 2. HP: 19/19 MP: 1/5
   479 | D:1      | Reached XP level 3. HP: 24/24 MP: 2/6
   537 | D:1      | Learned a level 2 spell: Searing Ray
  1936 | D:2      | Found a faded altar of an unknown god.
  1977 | D:2      | Reached XP level 4. HP: 17/30 MP: 1/7
  2681 | D:2      | Learned a level 4 spell: Fulminant Prism
  2797 | D:3      | Found a stormy altar of Qazlal.
  3027 | D:3      | Reached skill level 5 in Conjurations
  3031 | D:3      | Found a white marble altar of Elyvilon.
  3048 | D:3      | Became a worshipper of Elyvilon the Healer
  3533 | D:3      | Reached * piety under Elyvilon
  3537 | D:3      | Found a broken altar of Ashenzari.
  3740 | D:4      | Noticed Blork the orc
  3757 | D:4      | Killed from afar by Blork the orc

Illustrated notes

Levels and vault maps discovered:
D:1:      dpeg_arrival_boxorama, layout_rooms, minmay_tall_x
D:2:      layout_basic, shapermc_ecumenical_altar_totnotflames, minivault_11
D:3:      layout_loops_ring, old_standard_altar, mainiacjoe_overflow_24_doors,
          ashenzari_altar_1
D:4:      layout_cave_pools, general_overflow_altar, kennysheep_little_box,
          uniq_blork_the_orc

Skill      XL: |  1  2  3  4 |
---------------+-------------+-----
Conjurations   | 5 |  5.0
Stealth        | 3 |  3.0
Dodging        | |  2.0
Spellcasting   | |  2.7

Action                   |  1- 3 |  4- 6 || total
-------------------------+-------+-------++-------
Melee: Whip              |    10 |       ||    10
 Cast: Magic Dart        |    60 |    47 ||   107
       Fulminant Prism   |       |     1 ||     1
       Searing Ray       |       |     1 ||     1
Armor: Robe              |       |     1 ||     1
Dodge: Dodged            |    10 |       ||    10
Block: Buckler           |     2 |       ||     2
